 Dungeon Crawl Stone Soup version 0.23-a0-741-g38971ea054 (webtiles) character file.

4057 Crom the Cleaver (level 10, 0/91 HPs)
             Began as a Minotaur Gladiator on Jan 18, 2019.
             Was an Elder of Okawaru.
             Slain by a crocodile (2 damage)
             ... on level 7 of the Dungeon.
             The game lasted 00:18:50 (5224 turns).

Crom the Cleaver (Minotaur Gladiator)               Turns: 5224, Time: 00:18:51

Health: 0/91       AC: 14    Str: 21    XL:     10   Next: 4%
Magic:  9/9        EV:  2    Int:  5    God:    Okawaru [****..]
Gold:   375        SH:  0    Dex: 13    Spells: 9/9 levels left

rFire    . . .     SeeInvis .   H - +4 battleaxe
rCold    . . .     Gourm    .   (shield currently unavailable)
rNeg     + + +     Faith    .   A - +0 chain mail
rPois    ∞         Spirit   .   c - +0 hat
rElec    .         Reflect  .   F - +1 cloak {rPois}
rCorr    .         Harm     .   x - +0 pair of gloves
MR       .....                  (no boots)
Stlth    ..........             z - amulet of regeneration
HPRegen  0.65/turn              (no ring)
MPRegen  0.11/turn              (no ring)

@: petrified
A: retaliatory headbutt, horns 2
a: Heroism, Renounce Religion


You were on level 7 of the Dungeon.
You worshipped Okawaru.
Okawaru was greatly pleased with you.
You were very hungry.

You visited 2 branches of the dungeon, and saw 9 of its levels.

You collected 375 gold pieces.

Inventory:

Hand Weapons
 a - a +4 hunting sling of freezing
   (You took it off Joseph on level 7 of the Dungeon)
 v - a +0 blowgun
   (You took it off a kobold on level 3 of the Dungeon)
 y - a +4 whip of electrocution
   (You took it off a gnoll on level 7 of the Dungeon)
 H - a +4 battleaxe (weapon)
   (You took it off a wight on level 7 of the Dungeon)
Missiles
 d - 3 throwing nets {!f}
 f - 214 stones (quivered)
 g - 64 sling bullets
 w - 34 poisoned needles
Armour
 b - a +0 leather armour
 c - a +0 hat (worn)
 x - a +0 pair of gloves (worn)
   (You found it on level 3 of the Dungeon)
 A - a +0 chain mail (worn)
   (You found it on level 4 of the Dungeon)
 F - a +1 cloak of poison resistance (worn)
   (You took it off Crazy Yiuf on level 2 of the Dungeon)
Jewellery
 z - an amulet of regeneration (around neck)
   (You found it on level 4 of the Dungeon)
Wands
 t - a wand of flame (16)
   (You found it on level 7 of the Dungeon)
 u - a wand of random effects (25)
   (You took it off Crazy Yiuf on level 2 of the Dungeon)
Scrolls
 i - 2 scrolls of enchant armour {unknown}
 n - a scroll of fear {unknown}
 r - 3 scrolls of teleportation {unknown}
 B - 2 scrolls of fog {unknown}
 C - 2 scrolls of remove curse {unknown}
 E - a scroll of identify {@r1}
 G - a scroll of magic mapping {unknown}
Potions
 h - 4 potions of heal wounds {unknown}
 j - a potion of invisibility {unknown}
 k - 2 potions of ambrosia {unknown}
 l - 2 potions of haste {unknown}
 m - 5 potions of curing {@q1}
 o - 2 potions of magic {unknown}
 p - a potion of berserk rage {unknown}
 q - 2 potions of flight {unknown}
 s - a potion of agility {unknown}
Comestibles
 e - 12 rations {!d}


   Skills:
 + Level 9.1 Fighting
 * Level 12.4 Axes
 - Level 2.0 Throwing
 + Level 7.3 Armour
 - Level 5.2 Dodging


You had 9 spell levels left.
You didn't know any spells.
Your spell library was empty.

Dungeon Overview and Level Annotations

Branches:
Dungeon (8/15)             Temple (1/1) D:4
   Lair: D:8-11

Altars:
Ashenzari
Dithmenos
Elyvilon
Fedhas
Gozag
Hepliaklqana
Makhleb
Nemelex Xobeh
Okawaru
Qazlal
Ru
Sif Muna
Uskayaw
Vehumet
Wu Jian
Xom
Yredelemnul
Zin
The Shining One

Shops:
D:5 *   D:6 %


Innate Abilities, Weirdness & Mutations

You reflexively headbutt those who attack you in melee.
You have a pair of horns on your head.


Message History

The porcupine bites you but does no damage.
The yak gores you!
* * * LOW HITPOINT WARNING * * *
The crocodile closely misses you.
The porcupine bites you but does no damage.
The basilisk gazes at you.
You are slowing down.
You climb upwards.
You have turned to stone.
The yak gores you.
* * * LOW HITPOINT WARNING * * *
The crocodile bites you!
* * * LOW HITPOINT WARNING * * *
The porcupine bites you.
* * * LOW HITPOINT WARNING * * *
The basilisk gazes at you. You resist with some effort. The yak gores you!
* * * LOW HITPOINT WARNING * * *
The crocodile bites you!
* * * LOW HITPOINT WARNING * * *
The porcupine bites you!
* * * LOW HITPOINT WARNING * * *
The basilisk bites you but does no damage.
The yak gores you but does no damage. The porcupine bites you.
* * * LOW HITPOINT WARNING * * *
The crocodile bites you!
* * * LOW HITPOINT WARNING * * *
The basilisk gazes at you. You resist with some effort.
The porcupine bites you.
* * * LOW HITPOINT WARNING * * *
The yak gores you.
* * * LOW HITPOINT WARNING * * *
The crocodile completely misses you.
The basilisk bites you but does no damage.
The porcupine bites you.
* * * LOW HITPOINT WARNING * * *
The yak gores you.
* * * LOW HITPOINT WARNING * * *
The crocodile bites you.
* * * LOW HITPOINT WARNING * * *
The porcupine bites you!
* * * LOW HITPOINT WARNING * * *
The basilisk bites you!
* * * LOW HITPOINT WARNING * * *
You are feeling very hungry.
The yak gores you.
* * * LOW HITPOINT WARNING * * *
The crocodile bites you.
You die...

.# #......##'#####.#.#####.# .#
#......##.##....#.#####.#
.#######......##.##.###......#.#
.##....#########.##.###..###.#.#
#...........####.##...)..#...#.#
..≈≈≈..............####.##...#.#
#.≈#≈≈≈≈.......................#
..≈≈≈≈#≈≈≈≈.###.r..........#.###
.≈≈≈#≈≈≈≈#≈....Y@l....######.#
.≈#≈≈≈≈#≈≈≈.###.t##...######.####
.≈≈≈≈#≈≈≈≈..# #..###...[.........
≈≈≈#≈≈≈≈#≈.## #..# #..######.####
≈#≈≈≈≈#≈≈≈.# #..# ##..........<#
≈≈≈≈#≈≈≈≈..####..####...###....##
...≈≈≈≈#≈..#.....#..#............
##....≈≈≈..#.##.##..#...####...##
..###.........#.....#.....##...#


You could see a yak, a basilisk, a crocodile and a porcupine.

Vanquished Creatures
  Pikel (D:5)
  Joseph (D:7)
  Grinder (D:5)
  Sigmund (D:5)
  A spriggan (D:7)
  2 hungry ghosts
  A basilisk (D:8)
  Duvessa (D:7)
  2 ice beasts
  A porcupine (D:8)
  4 slaves (D:5)
  An orc warrior (D:6)
  A sky beast (D:6)
  A phantom (D:7)
  4 ogres
  Blork the orc (D:5)
  2 bullfrogs (D:6)
  Dowan (D:7)
  8 wights
  2 howler monkeys (D:6)
  3 jellies
  A lava snake (D:7)
  A bullfrog zombie (D:7)
  A crimson imp (D:6)
  3 hounds
  2 orc priests (D:7)
  3 orc wizards
  Crazy Yiuf (D:2)
  2 iguanas
  2 worker ants
  Robin (D:4)
  7 gnolls
  4 adders
  An ooze (D:1)
  2 adder skeletons
  An adder zombie (D:3)
  3 worms
  2 dart slugs
  2 leopard geckos
  15 orcs
  2 ball pythons
  2 giant cockroaches
  20 goblins
  6 hobgoblins
  10 jackals
  6 kobolds
  7 quokkas
  7 bats
  6 frilled lizards
  A giant cockroach zombie (D:5)
  8 rats
169 creatures vanquished.

Notes
Turn   | Place    | Note
-------+----------+-------------------------------------------
     0 | D:1      | Crom the Minotaur Gladiator began the quest for the Orb.
     0 | D:1      | Reached XP level 1. HP: 18/18 MP: 0/0
   279 | D:1      | Reached skill level 4 in Axes
   280 | D:1      | Reached XP level 2. HP: 25/25 MP: 1/1
   594 | D:2      | Found a sacrificial altar of Ru.
   609 | D:2      | Reached XP level 3. HP: 28/31 MP: 2/2
   860 | D:2      | Reached XP level 4. HP: 32/38 MP: 3/3
   882 | D:2      | Reached skill level 5 in Axes
   944 | D:2      | Found a runed door.
  1384 | D:2      | Noticed Crazy Yiuf
  1388 | D:2      | Killed Crazy Yiuf
  1486 | D:3      | Found a faded altar of an unknown god.
  1555 | D:3      | Found a sparkling altar of Nemelex Xobeh.
  1642 | D:3      | Reached XP level 5. HP: 46/46 MP: 4/4
  1791 | D:3      | Found a glowing silver altar of Zin.
  1848 | D:4      | Noticed Robin
  1938 | D:4      | Killed Robin
  2289 | D:4      | Reached skill level 6 in Axes
  2323 | D:4      | Found a basalt altar of Yredelemnul.
  2389 | D:4      | Found a staircase to the Ecumenical Temple.
  2402 | Temple   | Entered the Ecumenical Temple
  2599 | Temple   | Became a worshipper of Warmaster Okawaru
  2807 | D:4      | Noticed an ogre
  2811 | D:4      | Reached XP level 6. HP: 40/53 MP: 5/5
  3089 | D:5      | Entered Level 5 of the Dungeon
  3169 | D:5      | Found a radiant altar of Vehumet.
  3191 | D:5      | Noticed Sigmund
  3201 | D:5      | Killed Sigmund
  3201 | D:5      | Reached * piety under Okawaru
  3201 | D:5      | Reached skill level 5 in Fighting
  3201 | D:5      | Reached skill level 7 in Axes
  3201 | D:5      | Reached skill level 5 in Dodging
  3201 | D:5      | Reached XP level 7. HP: 54/61 MP: 6/6
  3452 | D:5      | Noticed Pikel
  3493 | D:5      | Killed Pikel
  3493 | D:5      | Reached skill level 8 in Axes
  3502 | D:5      | Found Igoac's Lightly-Used Armoury.
  3542 | D:5      | Noticed Blork the orc
  3550 | D:5      | Killed Blork the orc
  3550 | D:5      | Reached XP level 8. HP: 62/70 MP: 7/7
  3564 | D:5      | Found an opulent altar of Gozag.
  3665 | D:5      | Noticed Grinder
  3670 | D:5      | Killed Grinder
  3670 | D:5      | Reached skill level 9 in Axes
  3713 | D:5      | Found a white marble altar of Elyvilon.
  3833 | D:6      | Found a burning altar of Makhleb.
  3853 | D:6      | Reached ** piety under Okawaru
  4003 | D:6      | Found Baever Zamo's Food Boutique.
  4024 | D:6      | Reached skill level 10 in Axes
  4341 | D:6      | Reached skill level 5 in Armour
  4370 | D:6      | Reached XP level 9. HP: 78/79 MP: 8/8
  4499 | D:7      | Noticed Duvessa
  4499 | D:7      | Noticed Dowan
  4506 | D:7      | Killed Duvessa
  4507 | D:7      | Killed Dowan
  4518 | D:7      | Reached skill level 11 in Axes
  4563 | D:7      | Reached *** piety under Okawaru
  4629 | D:7      | Found a burning altar of Makhleb.
  4915 | D:7      | Reached skill level 12 in Axes
  4954 | D:7      | Noticed Joseph
  4972 | D:7      | Killed Joseph
  4972 | D:7      | Reached **** piety under Okawaru
  5200 | D:8      | Reached XP level 10. HP: 91/91 MP: 9/9
  5223 | D:7      | HP: 3/91 [basilisk (4)]
  5224 | D:7      | Slain by a crocodile

Vault maps used:
D:1:      saegor_arrival_simple_c
D:2:      nicolae_ru_great_annihilating_truth, st_stairs_1,
          uniq_crazy_yiuf_cottage
D:3:      old_standard_altar, lemuel_round_altar,
          chequers_ecumenical_altar_simple_redux, kennysheep_nub
D:4:      lemuel_doored_altar, temple_hall, first_ration, feat_on_display,
          uniq_robin
D:5:      vehumet_crystals, old_standard_altar, kennysheep_mini,
          minmay_shop_damaged, uniq_sigmund, uniq_pikel, uniq_blork_the_orc,
          uniq_grinder
D:6:      basic_altar, serial_shops, shop_coins
D:7:      lightli_temple_of_fire, the_bakery, nicolae_lava_and_water,
          uniq_duvessa, uniq_joseph
D:8:      cheibrodos_worm_habitat, minmay_lair_entry_grove, basic_altar,
          uniq_harold
Temple:   minmay_temple_curvy_loop

Skill      XL: |  1  2  3  4  5  6  7  8  9 |
---------------+----------------------------+-----
Axes           | 4 5 6 7 8 10 12 | 12.4
Fighting       | 3 4 5 6 7 9 |  9.1
Dodging        | 4 5 |  5.2
Armour         | 3 5 7 |  7.3
Throwing       | |  2.0

Action                   |  1- 3 |  4- 6 |  7- 9 | 10-12 || total
-------------------------+-------+-------+-------+-------++-------
Melee: War axe           |    46 |   107 |   207 |       ||   360
       Headbutt          |     8 |    15 |    57 |       ||    80
       Battleaxe         |       |       |    32 |     2 ||    34
Throw: Stone             |     7 |     2 |     5 |       ||    14
Invok: Heroism           |       |       |     3 |       ||     3
Evoke: Wand              |       |     1 |       |       ||     1
  Use: Scroll            |       |     2 |       |       ||     2
  Eat: Chunk             |       |     6 |     9 |       ||    15
       Ration            |       |       |     2 |       ||     2
Armor: Leather armour    |     8 |    28 |       |       ||    36
       Chain mail        |       |       |    97 |    16 ||   113
Dodge: Dodged            |    32 |    90 |   110 |     4 ||   236

Table legend:
 A = Non-vault XP
 B = Vault XP
 C = Vault XP percentage of total XP
 D = Non-vault monster count
 E = Vault monster count
 F = Vault count percentage of total count
                 A         B        C        D         E       F
            +---------+---------+-------+---------+---------+-------
      Total |    3304 |    2493 |  43.0 |     136 |      29 |  17.6
            +---------+---------+-------+---------+---------+-------
        D:1 |      24 |       0 |   0.0 |      12 |       0 |   0.0
        D:2 |      42 |      96 |  69.6 |      23 |       8 |  25.8
        D:3 |      39 |       6 |  13.3 |      20 |       3 |  13.0
        D:4 |     260 |      29 |  10.0 |      11 |       8 |  42.1
        D:5 |     103 |    1177 |  92.0 |       7 |       4 |  36.4
        D:6 |    1550 |       0 |   0.0 |      35 |       0 |   0.0
        D:7 |    1286 |     853 |  39.9 |      28 |       4 |  12.5
        D:8 |       0 |     332 | 100.0 |       0 |       2 | 100.0
            +---------+---------+-------+---------+---------+-------
